 Dungeon Crawl Stone Soup version 0.21-b1-21-g86478ac (webtiles) character file.

27 tidbits the Grave Robber (level 2, -1/11 HPs)
             Began as a Felid Necromancer on Jan 4, 2018.
             Slain by a jackal (2 damage)
             ... on level 4 of the Dungeon.
             The game lasted 00:03:04 (748 turns).

tidbits the Grave Robber (Felid Necromancer)         Turns: 748, Time: 00:03:05

Health: -1/11      AC:  1    Str:  4    XL:     2   Next: 93%
Magic:  2/6        EV: 18    Int: 16    God:
Gold:   48         SH:  0    Dex: 16    Spells: 3/5 levels left
                                        Lives:  0   Deaths: 0

rFire    . . .     SeeInvis +     - Unarmed
rCold    . . .     Gourm    .   (shield unavailable)
rNeg     . . .     Faith    .   (armour unavailable)
rPois    .         Spirit   .   (helmet unavailable)
rElec    .         Reflect  .   (cloak unavailable)
rCorr    .         Harm     .   (gloves unavailable)
MR       .....                  (boots unavailable)
Stlth    +++.......             (no amulet)
HPRegen  0.03/turn              (no ring)
MPRegen  0.10/turn              (no ring)

@: flying, quick
A: very small, no armour, no weapons or thrown items, stealth, claws 1, fangs 3,
see invisible, carnivore, speed 1, shaggy fur 1, slow metabolism 1, sharp paws
a: no special abilities


You were on level 4 of the Dungeon.
You were not hungry.

You visited 1 branch of the dungeon, and saw 4 of its levels.

You collected 48 gold pieces.

Inventory:

Missiles
 g - 60 arrows
Scrolls
 c - 3 scrolls of identify {unknown}
 f - a scroll of teleportation {unknown}
 h - a scroll of amnesia {unknown}
Potions
 d - 2 potions of curing {unknown}
 e - 2 potions of flight
Books
 a - a book of Necromancy

   Spells                             Type                      Level
   a - Pain                           Necromancy                   1
   b - Animate Skeleton               Necromancy                   1
   c - Vampiric Draining              Necromancy                   3
   d - Regeneration                   Charms/Necromancy            3
   e - Animate Dead                   Necromancy                   4
   f - Borgnjor's Vile Clutch         Necromancy/Earth             5
Comestibles
 b - 6 rations


   Skills:
 - Level 2.6 Dodging
 + Level 4.0 Stealth
 + Level 1.7 Unarmed Combat
 - Level 2.0 Spellcasting
 - Level 4.0 Necromancy


You had 3 spell levels left.
You knew the following spells:

 Your Spells              Type           Power        Failure   Level  Hunger
a - Pain                  Necr           ##..         4%          1    #......
n - Animate Skeleton      Necr           N/A          4%          1    #......


Dungeon Overview and Level Annotations

Branches:
Dungeon (4/15)
 Temple: D:4-7

Altars:


Innate Abilities, Weirdness & Mutations

You cannot wear armour.
You are incapable of wielding weapons or throwing items.
Your paws allow you to move quietly. (Stealth)
You have sharp claws.
You have razor-sharp teeth.
You have supernaturally acute eyesight. (SInv)
You are carnivorous and can eat meat at any time.
You cover ground quickly.
You are covered in fur. (AC +1)
You have a slow metabolism.
Your sharp claws are effective at attacking unaware monsters.


Message History

You swing at nothing.
You swing at nothing.
Wield which item (- for none, * to show all)? (? for menu, Esc to quit)
Your mouth is now empty.
Found a ration.
b - 4 rations (gained 1)
There is an open door here.
A bat comes into view.
Found a scroll labeled APPELIOMIE.
Found an escape hatch in the ceiling.
c - 2 scrolls labeled APPELIOMIE (gained 1)
There is an open door here.
You see here 10 stones.
You see here 10 stones.
There is a stone staircase leading up here.
You climb upwards.
There is a stone staircase leading down here.
Found 27 arrows.
You see here 11 arrows.
g - 11 arrows
Found 12 gold pieces.
g - 38 arrows (gained 27)
Found a ration.
You now have 48 gold pieces (gained 12).
b - 5 rations (gained 1)
A rat comes into view.
Found a scroll labeled DIKYINU EFIUK.
Found an escape hatch in the floor.
Found a stone staircase leading down.
Found 12 gold pieces and 22 arrows.
Found a scroll labeled APPELIOMIE.
You pounce on the unaware helpless rat!
You claw the rat!
You kill the rat!
h - a scroll labeled DIKYINU EFIUK
Found a ration.
g - 60 arrows (gained 22)
Found a club.
c - 3 scrolls labeled APPELIOMIE (gained 1)
A rat comes into view.
You see here a ration.
b - 6 rations (gained 1)
You see here a club.
You see here a club.
There is a stone staircase leading down here.
You climb downwards.
Found a stone staircase leading down.
There is a stone staircase leading up here.
There is a stone staircase leading down here.
You climb downwards.
A worker ant comes into view.
Found a scroll labeled APPELIOMIE.
There is a stone staircase leading up here.
A jackal comes into view.
The jackal barks! 2 jackals come into view.
There is a stone staircase leading up here.
Found a stone staircase leading up.
The jackal barks!
The jackal bites you.
You barely miss the jackal. The jackal bites you. The jackal misses you.
The jackal closely misses you.
Casting: Pain
Confirm with . or Enter, or press ? or * to list all spells.
Aiming: Pain
Press: ? - help, Shift-Dir - straight line, f - jackal
Aim: a jackal (chance to defeat MR: 85%)
The jackal writhes in agony!
The jackal closely misses you. The jackal completely misses you.
A jackal comes into view.
Casting: Pain
Confirm with . or Enter, or press ? or * to list all spells.
Aiming: Pain
Press: ? - help, Shift-Dir - straight line, f/p - jackal
Aim: a jackal (moderately wounded, chance to defeat MR: 85%)
The jackal writhes in agony!
You kill the jackal!
The jackal barely misses you. x2
Casting: Pain
Confirm with . or Enter, or press ? or * to list all spells.
Aiming: Pain
Press: ? - help, Shift-Dir - straight line, f - jackal
Aim: a jackal (chance to defeat MR: 85%)
The jackal writhes in agony!
The jackal misses you.
Casting: Pain
Confirm with . or Enter, or press ? or * to list all spells.
Aiming: Pain
Press: ? - help, Shift-Dir - straight line, f/p - jackal
Aim: a jackal (almost dead, chance to defeat MR: 85%)
The jackal writhes in agony!
You kill the jackal!
Your Stealth skill increases to level 4!
The jackal barks!
The jackal barely misses you. The jackal bites you.
* * * LOW HITPOINT WARNING * * *
The jackal completely misses you.
Found 7 poisoned needles.
It was a potion of flight.
You feel very buoyant.
You fly up into the air.
The jackal closely misses you. The jackal bites you.
You die...

#.## .. #...###. ..a..
#......## ..... .
#.#.....# #..... ..#
#.##....# #...... ....
##.##....###......
....#..#..............
#...h......<..###<
#.@h..........#
#.####.###....# #..
#.# ##...... #.. #.#
#h....... ... #..#
..?...... ....
#............. ..(..
.......####... ##....
..##..## ..# ..## ..#


You could see 2 jackals.

Vanquished Creatures
  An adder (D:2)
  2 leopard geckos
  A hobgoblin (D:3)
  2 jackals (D:4)
  2 kobolds (D:1)
  2 bats
  A frilled lizard (D:3)
  2 goblins (D:3)
  4 rats
17 creatures vanquished.

Notes
Turn   | Place    | Note
-------+----------+-------------------------------------------
     0 | D:1      | tidbits the Felid Necromancer began the quest for the Orb.
     0 | D:1      | Reached XP level 1. HP: 7/7 MP: 4/4
    50 | D:1      | Reached skill level 3 in Stealth
   117 | D:3      | Reached skill level 1 in Unarmed Combat
   207 | D:3      | Reached XP level 2. HP: 7/11 MP: 1/6
   210 | D:3      | Learned a level 1 spell: Animate Skeleton
   742 | D:4      | Reached skill level 4 in Stealth
   743 | D:4      | HP: 1/11 [jackal (1)]
   748 | D:4      | Slain by a jackal

Skill      XL: |  1  2 |
---------------+-------+-----
Stealth        | 3 4 |  4.0
Unarmed Combat | 1 |  1.7
Dodging        | |  2.6
Spellcasting   | |  2.0
Necromancy     | |  4.0

Action                   || total
-------------------------++-------
Melee: Unarmed           ||     7
 Cast: Pain              ||    25
  Use: Potion            ||     1
 Stab: Sleeping          ||     4
Armor: Skin              ||     1
Dodge: Dodged            ||    19

Table legend:
 A = Turns spent in this place as a percentage of turns spent in the entire game.
 B = Non-inter-level travel turns spent in this place as a percentage of non-inter-level travel turns spent in the entire game.
 C = Inter-level travel turns spent in this place as a percentage of turns spent in this place.
 D = Turns resting spent in this place as a percentage of non-inter-level travel turns spent in this place.
 E = Turns spent auto-exploring this place as a percentage of non-inter-level travel turns spent in this place.
 F = Non-inter-level travel turns spent in this place divided by the number of levels of this place that you've seen.
                   A       B       C       D       E      F
               +-------+-------+-------+-------+-------+----------------------
         Total | 100.0 | 100.0 |   0.0 |   0.0 |   0.0 | 187.0
       Dungeon | 100.0 | 100.0 |   0.0 |   0.0 |   0.0 | 187.0
               +-------+-------+-------+-------+-------+----------------------

Table legend:
 A = Kills in this place as a percentage of kills in entire the game.
 B = Kills by you in this place as a percentage of kills by you in the entire game.
 C = Kills by friends in this place as a percentage of kills by friends in the entire game.
 D = Other kills in this place as a percentage of other kills in the entire game.
 E = Experience gained in this place as a percentage of experience gained in the entire game.
 F = Experience gained in this place divided by the number of levels of this place that you have seen.
                   A       B       C       D       E      F
               +-------+-------+-------+-------+-------+----------------------
         Total | 100.0 | 100.0 |   N/A |   N/A | 100.0 |   9.8
       Dungeon | 100.0 | 100.0 |   N/A |   N/A | 100.0 |   9.8
               +-------+-------+-------+-------+-------+----------------------

Vault maps used:
D:1:      lightli_arrival_noodles, minmay_misc_feat_roman
D:2:      lemuel_doored_altar, uniq_sigmund
D:3:      first_ration, uniq_terence
D:4:      minmay_temple_entry_glassed_door
